 Dungeon Crawl Stone Soup version 0.21-a0-251-g5e8393f (webtiles) character file.

2242 embers the Grappler (level 9, -16/88 HPs)
             Began as a Troll Monk on Sept 5, 2017.
             Was a Priest of Okawaru.
             Killed from afar by a wretched star (35 damage)
             ... with an orb of energy
             ... on level 1 of the Abyss.
             The game lasted 00:09:21 (4274 turns).

embers the Grappler (Troll Monk)                    Turns: 4274, Time: 00:09:22

Health: -16/88     AC:  8    Str: 23 (24) XL:     9   Next: 14%
Magic:  7/8        EV: 18    Int:  2      God:    Okawaru [***...]
Gold:   334        SH:  0    Dex: 15      Spells: 8/8 levels left

rFire    . . .     SeeInvis .     - Unarmed
rCold    . . .     Gourm    +   (no shield)
rNeg     . . .     Faith    .   a - +0 robe
rPois    .         Spirit   .   B - +2 hat
rElec    .         Reflect  .   i - +0 cloak
rCorr    .         Harm     .   (gloves unavailable)
MR       .....     Rnd*Rage +   (boots unavailable) Stlth +++.......Rnd*Tele +
                                (no amulet)
HPRegen  0.64/turn              (no ring)
MPRegen  0.11/turn              (no ring)

@: agile, about to teleport
A: unfitting armour, claws 3, talons 1, [berserk 3], [blurry vision 2], clumsy
1, [deterioration 2], dopey 1[+1], fast metabolism 3, gourmand, regeneration 1,
shaggy fur 1, [teleportitis 2], tough skin 2
a: Heroism, Renounce Religion


You were on level 1 of the Abyss.
You worshipped Okawaru.
Okawaru was most pleased with you.
You were full.

You visited 2 branches of the dungeon, and saw 8 of its levels.
You visited the Abyss 1 time.

You collected 334 gold pieces.

Inventory:

Missiles
 q - 293 stones (quivered)
Armour
 a - a +0 robe (worn)
 i - a +0 cloak (worn)
 B - a +2 hat (worn)
Jewellery
 l - an uncursed ring of flight {unknown}
 o - an uncursed amulet of regeneration {unknown}
 A - an uncursed ring of see invisible {unknown}
Wands
 D - a wand of flame (24/48)
Scrolls
 c - 4 scrolls of remove curse
 e - 2 scrolls of noise {unknown}
 f - a scroll of immolation {unknown}
 g - 2 scrolls of fog {unknown}
 h - 5 scrolls of identify
 t - a scroll of enchant armour {unknown}
 w - a scroll of amnesia {unknown}
 x - a scroll of enchant weapon {unknown}
 y - a scroll of blinking {unknown}
 z - 4 scrolls of teleportation
 C - a scroll of magic mapping {unknown}
 E - a scroll of recharging {unknown}
Potions
 d - 2 potions of haste
 k - a potion of heal wounds
 m - 3 potions of brilliance
 p - a potion of ambrosia
 r - 5 potions of curing
 s - 2 potions of flight {unknown}
 v - a potion of lignification
Comestibles
 b - 3 bread rations
 n - 4 meat rations
 u - a fruit


   Skills:
 - Level 5.3 Fighting
 - Level 5.3 Dodging
 + Level 3.0 Stealth
 - Level 8.4 Unarmed Combat


You had 8 spell levels left.
You didn't know any spells.

Dungeon Overview and Level Annotations

Branches:
Dungeon (7/15)             Temple (1/1) D:5

Altars:
Dithmenos
Elyvilon
Fedhas
Gozag
Hepliaklqana
Nemelex Xobeh
Okawaru
Trog
Wu Jian
Xom
Yredelemnul
The Shining One


Innate Abilities, Weirdness & Mutations

You are too large for most types of armour.
You have claws for hands.
Your metabolism is lightning-fast.
You like to eat raw meat.
Your natural rate of healing is unusually fast.
You are covered in fur. (AC +1)
You have very tough skin. (AC +2)
You have sharp toenails.
You are clumsy. (Dex -2)
[You have an uncontrollable temper.]
[Scrolls take you longer to read.]
[Your body often deteriorates upon taking damage.]
[You are very dopey. (Int -4)]
[You are sometimes teleported next to monsters.]


Message History

The wretched star pulses with an eldritch light!
You feel stupid.
You begin reading the scroll.
You continue reading the scroll.
The wretched star glows turbulently.
The orb of energy hits you!
* * * LOW HITPOINT WARNING * * *
Your body deteriorates!
You feel weakened.
As you read the scroll labeled ASACSOYRE ZASCH, it crumbles to dust.
You feel strangely unstable.
You feel the power of the Abyss delaying your translocation!
It was a scroll of teleportation.
Unknown command.
Unknown command.
Unknown command.
You feel much better.
You feel like a meek peon again.
Unknown command.
The wretched star glows turbulently.
The orb of energy hits you!
You die...

.. #. ... ### ##.#
#.#.# # ##...# #
..##.. .# #......
####... .## .
......###.#"....##
...#.#...2....#.# .
#...###*#....# ..#
#..@.*###...#..####
#.###..##..## # #
#. ..##..... .## .#
.. #.# §..#........
.. .###.... ##.# #.
#. # #§..#... #. .#
# #...##.##. ##. .
###. # ## # #....


You could see 2 wretched stars.

Vanquished Creatures
  2 raiju (Abyss:1)
  A small abomination (Abyss:1)
  A phantom (D:5)
  3 ice beasts
  An ogre (D:6)
  A centaur (D:6)
  2 bullfrogs (D:6)
  A wyvern skeleton (D:6)
  2 scorpions (D:4)
  2 wights (D:7)
  2 crimson imps (D:5)
  A hound (D:5)
  3 orc priests
  A centaur skeleton (D:5)
  2 gnoll shamans
  Crazy Yiuf (D:5)
  3 worker ants
  Natasha (thrice) (D:3)
  4 orc wizards
  A hound skeleton (D:6)
  Robin (D:2)
  8 adders
  7 gnolls
  A shadow imp (D:6)
  A white imp (Abyss:1)
  An ooze (D:5)
  An adder zombie (D:5)
  An adder skeleton (D:6)
  3 worms
  A dart slug (D:3)
  3 leopard geckos
  6 orcs
  7 bats
  8 giant cockroaches
  14 goblins
  7 hobgoblins
  5 jackals
  3 quokkas
  A ball python (D:1)
  3 frilled lizards
  6 kobolds
  A leopard gecko skeleton (D:4)
  A leopard gecko zombie (D:5)
  A quokka skeleton (D:5)
  7 rats
135 creatures vanquished.

Notes
Turn   | Place    | Note
-------+----------+-------------------------------------------
     0 | D:1      | embers the Troll Monk began the quest for the Orb.
     0 | D:1      | Reached XP level 1. HP: 22/22 MP: 0/0
   106 | D:1      | Gained mutation: You are clumsy. (Dex -2) [potion of mutation]
   106 | D:1      | Gained mutation: [You are dopey. (Int -2)] [potion of mutation]
   106 | D:1      | Gained mutation: You have sharp toenails. [potion of mutation]
   229 | D:1      | Reached XP level 2. HP: 29/29 MP: 1/1
   591 | D:2      | Reached XP level 3. HP: 36/36 MP: 2/2
   620 | D:2      | Noticed Robin
   637 | D:2      | Killed Robin
   744 | D:2      | Reached skill level 4 in Unarmed Combat
   781 | D:2      | Reached XP level 4. HP: 44/44 MP: 3/3
  1245 | D:3      | Noticed Natasha
  1251 | D:3      | Killed Natasha
  1344 | D:3      | Reached XP level 5. HP: 38/53 MP: 4/4
  1683 | D:3      | Noticed Natasha
  1691 | D:3      | Killed Natasha
  1699 | D:3      | Noticed Natasha
  1706 | D:3      | Killed Natasha
  1748 | D:4      | Reached skill level 5 in Unarmed Combat
  1796 | D:4      | Found an opulent altar of Gozag.
  1842 | D:5      | Entered Level 5 of the Dungeon
  1885 | D:5      | Reached XP level 6. HP: 54/61 MP: 5/5
  2130 | D:4      | Found a shadowy altar of Dithmenos.
  2337 | D:4      | Reached XP level 7. HP: 55/70 MP: 6/6
  2534 | D:5      | Reached skill level 6 in Unarmed Combat
  2568 | D:5      | Found a staircase to the Ecumenical Temple.
  2612 | Temple   | Entered the Ecumenical Temple
  2638 | Temple   | Became a worshipper of Warmaster Okawaru
  2638 | Temple   | Reached * piety under Okawaru
  2638 | Temple   | Reached ** piety under Okawaru
  2923 | D:5      | Found a runed door.
  2927 | D:5      | Noticed Crazy Yiuf
  2934 | D:5      | Killed Crazy Yiuf
  2982 | D:5      | Reached skill level 7 in Unarmed Combat
  2982 | D:5      | Reached XP level 8. HP: 42/79 MP: 7/7
  3359 | D:6      | Reached skill level 5 in Fighting
  3364 | D:6      | Reached skill level 5 in Dodging
  3601 | D:6      | Reached *** piety under Okawaru
  3601 | D:6      | Reached skill level 8 in Unarmed Combat
  4100 | D:7      | Cast into level 1 of the Abyss (wight)
  4101 | Abyss:1  | Found a corrupted altar of Lugonu.
  4141 | Abyss:1  | Noticed a starcursed mass
  4156 | Abyss:1  | Noticed a starcursed mass
  4197 | Abyss:1  | Noticed a raiju
  4211 | Abyss:1  | Killed a raiju
  4211 | Abyss:1  | Reached XP level 9. HP: 40/88 MP: 4/8
  4239 | Abyss:1  | Noticed a tormentor
  4253 | Abyss:1  | Noticed a wretched star
  4267 | Abyss:1  | Noticed a wretched star
  4271 | Abyss:1  | HP: 4/88 [wretched star/orb of energy (24)]
  4274 | Abyss:1  | Killed from afar by a wretched star

Vault maps used:
D:1:      kennysheep_arrival_forest
D:2:      corexii_corridor_pit, uniq_robin
D:3:      first_bread, uniq_natasha
D:4:      grunt_dithmenos_smoke_and_mirrors, nicolae_gozag_seed_capital
D:5:      minmay_temple_entry_overgrown, uniq_crazy_yiuf_cottage
Temple:   compressed_dpeg_circular_temple

Skill      XL: |  1  2  3  4  5  6  7  8  9 |
---------------+----------------------------+-----
Unarmed Combat | 4 5 7 8 |  8.4
Dodging        | 3 4 5 |  5.3
Fighting       | 3 4 5 |  5.3
Stealth        | 2 3 |  3.0

Action                   |  1- 3 |  4- 6 |  7- 9 || total
-------------------------+-------+-------+-------++-------
Melee: Unarmed           |    71 |   149 |   179 ||   399
       Kick              |    12 |    31 |    43 ||    86
       Punch             |     1 |     2 |     7 ||    10
Throw: Stone             |       |       |     1 ||     1
Invok: Heroism           |       |       |     6 ||     6
  Use: Potion            |     3 |       |     6 ||     9
       Scroll            |     1 |     2 |     6 ||     9
 Stab: Sleeping          |     1 |     1 |       ||     2
  Eat: Chunk             |    10 |    11 |    16 ||    37
       Bread ration      |       |       |     1 ||     1
Armor: Robe              |    25 |    41 |    67 ||   133
Dodge: Dodged            |    37 |    76 |    99 ||   212

Table legend:
 A = Spawn XP
 B = Non-spawn XP
 C = Spawn XP percentage of total XP
 D = Spawn monster count
 E = Non-spawn monster count
 F = Spawn count percentage of total count
 G = Total turns spent on level
                    A         B        C        D         E        F      G
               +---------+---------+-------+---------+---------+-------+---------
         Total |     542 |    2662 |  16.9 |      18 |     117 |  13.3 |  4274
               +---------+---------+-------+---------+---------+-------+---------
           D:1 |       3 |      13 |  18.8 |       1 |       9 |  10.0 |   379
           D:2 |       5 |      85 |   5.6 |       3 |      27 |  10.0 |   709
           D:3 |      19 |     164 |  10.4 |       5 |      24 |  17.2 |   639
           D:4 |      35 |     382 |   8.4 |       2 |      17 |  10.5 |   741
           D:5 |     336 |     419 |  44.5 |       5 |      17 |  22.7 |   671
           D:6 |     133 |     734 |  15.3 |       1 |      17 |   5.6 |   812
           D:7 |       0 |     134 |   0.0 |       0 |       3 |   0.0 |   107
       Abyss:1 |      11 |     731 |   1.5 |       1 |       3 |  25.0 |   174
               +---------+---------+-------+---------+---------+-------+---------
